 Dungeon Crawl Stone Soup version 0.31-a0-844-gdc52ec4e09 (webtiles) character file.

Game seed: 3285992178525139157

2276 IndexError the Destroyer (level 9, 0/43 HPs)
             Began as a Gargoyle Conjurer on Sept 28, 2023.
             Was an Elder of Hepliaklqana.
             Slain by a gnoll
             ... wielding a +0 spear
             ... led by a gnoll sergeant
              (5 damage)
             ... on level 7 of the Dungeon.
             The game lasted 00:09:17 (7263 turns).

IndexError the Destroyer (Gargoyle Conjurer)        Turns: 7263, Time: 00:09:17

Health: 0/43       AC: 11    Str: 11    XL:     9   Next: 39%
Magic:  9/21       EV: 11    Int: 29    God:    Hepliaklqana [****..]
Gold:   353        SH:  0    Dex:  8    Spells: 11/24 levels left

rFire   + . .        l - +0 dagger (venom)
rCold   . . .        (no shield)
rNeg    + + .        n - +2 robe {rN+}
rPois   ∞            m - +0 helmet
rElec   +            (no cloak)
rCorr   .            (no gloves)
SInv    .            (no boots)
Will    .....        (no amulet)
Stlth   ++           q - +6 ring of intelligence
HPRegen 0.27/turn    o - ring of protection from fire {rF+, !d}
MPRegen 0.17/turn

%: no passive effects
@: no status effects
A: reduced essence, sickness immunity, AC +6, negative energy resistance 1,
electricity resistance, torment resistance 1, petrification resistance
a: Renounce Religion, Recall Ancestor, Ancestor Identity, Transference, Idealise


You were on level 7 of the Dungeon.
You worshipped Hepliaklqana.
Hepliaklqana was greatly pleased with you.
You visited 1 branch of the dungeon, and saw 7 of its levels.

You collected 353 gold pieces.

Inventory:

Hand Weapons
 l - a +0 dagger of venom (weapon)
   (You took it off a goblin on level 2 of the Dungeon)
Missiles
 A - 5 datura-tipped darts
Armour
 m - a +0 helmet (worn)
   (You took it off Robin on level 2 of the Dungeon)
 n - a +2 robe of positive energy (worn)
   (You took it off Sigmund on level 2 of the Dungeon)
Magical Staves
 C - a staff of death {rN+}
   (You found it on level 5 of the Dungeon)
Jewellery
 h - a ring of see invisible {sInv, !d}
   (You found it on level 1 of the Dungeon)
 o - a ring of protection from fire (right hand) {rF+, !d}
   (You found it on level 2 of the Dungeon)
 q - a +6 ring of intelligence (left hand)
   (You found it on level 5 of the Dungeon)
Wands
 p - a wand of flame (18)
   (You found it on level 2 of the Dungeon)
 s - a wand of charming (3)
   (You took it off Ijyb on level 3 of the Dungeon)
Scrolls
 a - a scroll of silence {unknown}
 c - 3 scrolls of poison {unknown}
 e - 3 scrolls of teleportation {unknown}
 k - 3 scrolls of enchant armour {unknown}
 r - 4 scrolls of identify {unknown}
 u - 2 scrolls of fog {unknown}
 v - a scroll of amnesia {unknown}
 x - a scroll of brand weapon {unknown}
 y - 2 scrolls of enchant weapon {unknown}
 z - a scroll of revelation {unknown}
 B - a scroll of torment {unknown}
Potions
 b - a potion of magic
 d - a potion of attraction {unknown}
 f - a potion of curing {unknown}
 g - a potion of cancellation {unknown}
 i - 2 potions of enlightenment {unknown}
 j - 4 potions of heal wounds {unknown}
 t - a potion of ambrosia {unknown}
 w - a potion of lignification {unknown}
 D - a potion of haste {unknown}
 E - a potion of brilliance {unknown}


   Skills:
 + Level 2.0 Fighting
 - Level 1.5 Dodging
 - Level 2.1 Stealth
 - Level 8.0 Spellcasting
 - Level 10.0 Conjurations
 + Level 1.5 Hexes
 + Level 1.5 Translocations


You had 11 spell levels left.
You knew the following spells:

 Your Spells              Type           Power      Damage    Failure   Level
a - Magic Dart            Conj           100%       1d8       1%          1
b - Searing Ray           Conj           100%       2d8       1%          2
c - Fulminant Prism       Conj/Hex       22%        3d12      4%          4
d - Blink                 Tloc           40%        N/A       3%          2
x - Iskenderun's Mystic   Conj/Tloc      45%        2d10      4%          4

Your spell library contained the following spells:

 Spells                   Type           Power      Damage    Failure   Level
 Momentum Strike          Conj/Tloc      90%        3d10      1%          2
 Dazzling Flash           Conj/Hex       90%        N/A       1%          3
 Lesser Beckoning         Tloc           40%        N/A       3%          2
 Ensorcelled Hibernation  Hex/Ice        32%        N/A       4%          2
 Passwall                 Tmut/Erth      9%         N/A       7%          2
 Swiftness                Air            11%        N/A       14%         3
 Silence                  Hex/Air        8%         N/A       67%         5
 Agony                    Necr           11%        N/A       77%         5


Dungeon Overview and Level Annotations

Branches:
Dungeon (7/15)             Temple (0/1) D:6

Altars:
Ashenzari
Elyvilon
Hepliaklqana
Makhleb
Nemelex Xobeh
Okawaru
Ru
Trog
Wu Jian
The Shining One

Shops:
D:6 *


Innate Abilities, Weirdness & Mutations

Your life essence is reduced to manifest your ancestor. (-10% HP)
You are immune to sickness and miasma.
Your stone body is resilient. (AC +6)
You are immune to poison.
You resist negative energy. (rN+)
You are resistant to electric shocks. (rElec)
You are resistant to unholy torment.
You are immune to petrification.


Message History

There is a stone staircase leading up here.
There is an open door, spattered with blood here.
Items here: ( )) [[.
You open the door.
There is an open door here.
Done exploring.
Done exploring.
Done exploring.
Done exploring.
There is an open door here.
Things that are here:
a +0 ring mail; a +0 whip; an orc corpse
Items here: )) [ ÷÷.
There is an open door, spattered with blood here.
Items here: ( )) [[.
There is a stone staircase leading up here.
You climb upwards.
There is a stone staircase leading down here.
There is a stone staircase leading down here.
Things that are here:
a +0 leather armour; a +0 hand axe You climb downwards.
There is a stone staircase leading up here.
You swap places.
There is a stone staircase leading down here.
You climb downwards.
The gnoll sergeant shouts!
The gnoll shouts! x4; You hear a shout!
There is a stone staircase leading up here.
Casting: Magic Dart (safe; 1% risk of failure)
Confirm with . or Enter, or press ? or * to list all spells.
Aiming: Searing Ray (safe; 1% risk of failure)
Press: ? - help, Shift-Dir - straight line, f - gnoll sergeant
Aim: a gnoll sergeant, wielding a +0 spear and wearing a +0 scale mail (ally target, 87% to hit)
The searing ray hits the gnoll sergeant but does no damage. (Press . to maintain the ray.)
The gnoll sergeant hits you but does no damage.
Sosibius points at the gnoll sergeant and mumbles some strange words.
The puff of frost hits the gnoll sergeant.
You now have 19/21 mp.
The searing ray hits the gnoll sergeant.
The gnoll hits you but does no damage.
A gnoll comes into view. It is wielding a +0 flail.
The gnoll sergeant hits you from afar with a +0 spear.
You take 6 damage, and have 36/42 hp.
You now have 18/21 mp.
The searing ray misses the gnoll.
The searing ray hits the gnoll sergeant!
The gnoll barely misses you.
The gnoll sergeant hits you from afar with a +0 spear.
The gnoll hits you but does no damage.
You take 6 damage, and have 30/42 hp.
You now have 17/21 mp.
The searing ray hits the gnoll!
The searing ray hits the gnoll sergeant!
You finish channelling your searing ray.
The gnoll closely misses you.
The gnoll sergeant hits you from afar with a +0 spear!
The gnoll hits you but does no damage.
You take 7 damage, and have 23/42 hp.
You now have 16/21 mp.
Casting: Searing Ray (safe; 1% risk of failure)
Confirm with . or Enter, or press ? or * to list all spells.
Aiming: Searing Ray (safe; 1% risk of failure)
Press: ? - help, Shift-Dir - straight line, f/p - gnoll sergeant
Aim: a gnoll sergeant, wielding a +0 spear and wearing a +0 scale mail (almost dead, ally target, 87% to hit)
The searing ray hits the gnoll!
The searing ray hits the gnoll sergeant! (Press . to maintain the ray.)
The gnoll hits you but does no damage.
You now have 14/21 mp.
The searing ray hits the gnoll. x2; The gnoll hits you with a +0 club.
The gnoll barely misses you.
You take 2 damage, and have 22/43 hp.
The searing ray hits the gnoll!
The searing ray hits the gnoll.
The gnoll hits you but does no damage.
Your Fighting skill increases to level 2!
You now have 13/21 mp.
The searing ray misses the gnoll.
The searing ray hits the gnoll!
You finish channelling your searing ray.
The gnoll barely misses you.
The gnoll hits you from afar with a +0 spear.
The gnoll hits you from afar with a +0 spear!
You take 10 damage, and have 13/43 hp.
MASSIVE DAMAGE!!
You now have 12/21 mp.
Casting: Searing Ray (safe; 1% risk of failure)
Confirm with . or Enter, or press ? or * to list all spells.
Aiming: Searing Ray (safe; 1% risk of failure)
Press: ? - help, Shift-Dir - straight line, f - gnoll
Aim: a gnoll, wielding a +0 flail (lightly wounded, 85% to hit)
The searing ray hits the gnoll.
The searing ray misses the gnoll. (Press . to maintain the ray.)
The gnoll hits you but does no damage.
The gnoll hits you from afar with a +0 spear.
* * * LOW HITPOINT WARNING * * *
The gnoll hits you with a +0 flail.
* * * LOW HITPOINT WARNING * * *
You take 5 damage, and have 8/43 hp.
You now have 10/21 mp.
The searing ray hits the gnoll. x2
The gnoll hits you from afar with a +0 spear.
* * * LOW HITPOINT WARNING * * *
The gnoll hits you with a +0 flail.
* * * LOW HITPOINT WARNING * * *
The gnoll hits you from afar with a +0 spear.
You die... ## ## ##. .## ..#.. gg.

#g#
#@#
#R#
..#
#.##
#.
..
#.
#.


You could see the friendly Sosibius the battlemage and 3 gnolls.

Vanquished Creatures
  Sigmund (D:2)
  Eustachio (D:4)
  A water moccasin (D:6)
  An orc warrior (D:4)
  An ice beast (D:4)
  An ogre (D:4)
  A centaur (D:5)
  A gnoll sergeant (D:7)
  3 scorpions (D:5)
  2 jellies
  An orc priest (D:4)
  A sleepcap (D:5)
  Ijyb (D:3)
  3 iguanas
  An orc wizard (D:3)
  Robin (D:2)
  2 gnolls (D:7)
  6 adders
  An ufetubus (D:4)
  3 worms
  A dart slug (D:4)
  20 orcs
  5 endoplasms
  7 giant cockroaches
  10 goblins
  7 hobgoblins
  7 quokkas
  5 ball pythons
  5 bats
  4 frilled lizards
  4 kobolds
  7 rats
115 creatures vanquished.

Vanquished Creatures (collateral kills)
  A water moccasin (D:5)
  An orc warrior (D:5)
  3 ogres
  A phantom (D:6)
  A bullfrog (D:6)
  A scorpion (D:4)
  A howler monkey (D:5)
  A hound (D:5)
  2 sleepcaps
  An orc wizard (D:6)
  6 orcs
  5 goblins
  2 hobgoblins
  A kobold (D:4)
  A quokka (D:4)
  A ball python (D:4)
29 creatures vanquished.

Vanquished Creatures (others)
  2 battlemagi
2 creatures vanquished.

Grand Total: 146 creatures vanquished

Notes
Turn   | Place    | Note
-------+----------+-------------------------------------------
     0 | D:1      | IndexError the Gargoyle Conjurer began the quest for the
                  | Orb.
     0 | D:1      | Reached XP level 1. HP: 10/10 MP: 3/3
     0 | D:1      | Noticed a demonspawn
     0 | D:1      | Noticed a naga
     4 | D:1      | Noticed a naga
     5 | D:1      | Noticed a draconian
     7 | D:1      | Noticed a merfolk
     7 | D:1      | Noticed an octopode
     9 | D:1      | Noticed a tengu
    10 | D:1      | Noticed a felid
    11 | D:1      | Noticed an octopode
    14 | D:1      | Noticed a troll
    14 | D:1      | Noticed a troll
    16 | D:1      | Noticed a vine stalker
    16 | D:1      | Noticed a draconian
    18 | D:1      | Noticed an octopode
    18 | D:1      | Noticed a human
    18 | D:1      | Noticed a gargoyle
    20 | D:1      | Noticed a troll
    20 | D:1      | Noticed a formicid
    22 | D:1      | Noticed a naga
    22 | D:1      | Noticed an octopode
   181 | D:1      | Reached XP level 2. HP: 15/15 MP: 0/5
   773 | D:1      | Reached XP level 3. HP: 19/19 MP: 0/6
   956 | D:1      | Reached skill level 5 in Conjurations
  1077 | D:1      | Found a faded altar of an unknown god.
  1086 | D:1      | Prayed at the altar of an unknown god.
  1086 | D:1      | Became a worshipper of Hepliaklqana the Forgotten
  1086 | D:1      | Reached * piety under Hepliaklqana
  1219 | D:2      | Noticed Robin
  1472 | D:2      | Reached skill level 3 in Spellcasting
  1506 | D:2      | Killed Robin
  1507 | D:2      | Reached XP level 4. HP: 21/21 MP: 2/8
  1989 | D:2      | Noticed Sigmund
  1999 | D:2      | Killed Sigmund
  2000 | D:2      | Reached skill level 4 in Spellcasting
  2000 | D:2      | Reached skill level 6 in Conjurations
  2000 | D:2      | Reached XP level 5. HP: 19/25 MP: 0/11
  2000 | D:2      | Reached XP level 6. HP: 21/28 MP: 0/12
  2102 | D:2      | Learned a level 2 spell: Searing Ray
  2825 | D:3      | Noticed Ijyb
  2826 | D:3      | Reached ** piety under Hepliaklqana
  2835 | D:3      | Killed Ijyb
  3391 | D:4      | Found an iron altar of Okawaru.
  3395 | D:4      | Remembered your ancestor Sosibius as a battlemage
  3487 | D:4      | Noticed an orc warrior
  3496 | D:4      | Killed an orc warrior
  3497 | D:4      | Reached skill level 7 in Conjurations
  3513 | D:4      | Reached XP level 7. HP: 20/32 MP: 1/14
  3632 | D:4      | Found a white marble altar of Elyvilon.
  3688 | D:4      | Reached skill level 5 in Spellcasting
  4275 | D:4      | Reached skill level 8 in Conjurations
  4366 | D:4      | Noticed Eustachio
  4376 | D:4      | Killed Eustachio
  4377 | D:4      | Reached skill level 6 in Spellcasting
  4377 | D:4      | Reached XP level 8. HP: 36/36 MP: 8/17
  4824 | D:5      | Entered Level 5 of the Dungeon
  4824 | D:5      | Found a sparkling altar of Nemelex Xobeh.
  4841 | D:5      | Found a sacrificial altar of Ru.
  4987 | D:5      | Reached *** piety under Hepliaklqana
  5090 | D:5      | Reached skill level 9 in Conjurations
  5321 | D:5      | Reached skill level 7 in Spellcasting
  5634 | D:5      | Found a broken altar of Ashenzari.
  5987 | D:5      | Reached XP level 9. HP: 40/40 MP: 15/20
  6131 | D:5      | Learned a level 4 spell: Fulminant Prism
  6136 | D:5      | Learned a level 4 spell: Iskenderun's Mystic Blast
  6139 | D:5      | Learned a level 2 spell: Blink
  6162 | D:6      | Found Eatiadd's Eclectic Emporium.
  6259 | D:6      | Found a staircase to the Ecumenical Temple.
  6430 | D:6      | Reached skill level 10 in Conjurations
  6469 | D:6      | Reached skill level 8 in Spellcasting
  6802 | D:6      | Reached **** piety under Hepliaklqana
  7050 | D:6      | Found a glowing golden altar of the Shining One.
  7050 | D:6      | Found a bloodstained altar of Trog.
  7055 | D:6      | Reached skill level 1 in Fighting
  7055 | D:6      | Reached skill level 1 in Translocations
  7058 | D:6      | Reached skill level 1 in Hexes
  7098 | D:6      | Found an ornate altar of the Wu Jian Council.
  7102 | D:6      | Found a burning altar of Makhleb.
  7104 | D:6      | Found a faded altar of an unknown god.
  7261 | D:7      | Reached skill level 2 in Fighting
  7262 | D:7      | HP: 9/43 [gnoll/+0 spear[a gnoll sergeant] (4)]
  7263 | D:7      | Slain by a gnoll

Illustrated notes

Levels and vault maps discovered:
D:1:      shiori_arrival_whats_in_store_for_you, layout_basic,
          chequers_ecumenical_altar_grove
D:2:      layout_rooms, minivault_5, minmay_pentomino_p2, uniq_robin,
          uniq_sigmund
D:3:      layout_loops_ring, dk_vineyard_2, uniq_ijyb
D:4:      layout_loops_cross, nicolae_elyvilon_peaceful_grove,
          mainiacjoe_overflow_tiny_flanked, minmay_increasing_density,
          uniq_eustachio
D:5:      layout_cave_pools, evilmike_ruin_ashenzari,
          mainiacjoe_overflow_concentric_impassable,
          mainiacjoe_overflow_boulevard, serial_co_window_serial,
          co_window_corner_a, co_window_paths_a, co_window_paths_a,
          co_window_corner_a, co_window_paths_b, co_window_of_opportunity_c,
          co_window_2corner, co_window_corner_b, co_window_corner_b,
          co_window_sun, co_window_paths_d, glass_columns_b, glass_columns_c,
          glass_columns_a, glass_columns_a, glass_columns_c
D:6:      layout_gridville, chequers_temple_overflow_minitemple,
          temple_fountains, nicolae_alphabet_shops, serial_bayou_pond_a,
          nrook_uturn, minmay_misc_feat_doors, reono_crystal_passage
D:7:      minmay_the_grid_triangle_9x9_recursive_2
          [minmay_the_grid_triangle_9x9_prize_center,
          minmay_the_grid_triangle_9x9_fully_insulated_deathbox,
          minmay_the_grid_triangle_9x9_minimal,
          minmay_the_grid_triangle_9x9_thin_v], layout_loops_cross,
          amcnicky_altar_gilded, mainiacjoe_overflow_surrounded_room,
          minmay_checkerbox, uniq_maggie, uniq_jeremiah

Skill      XL: |  1  2  3  4  5  6  7  8  9 |
---------------+----------------------------+-----
Conjurations   | 5 6 7 8 9 10 | 10.0
Spellcasting   | 3 4 6 7 8 |  8.0
Fighting       | 2 |  2.0
Translocations | 1 |  1.5
Hexes          | 1 |  1.5
Dodging        | |  1.5
Stealth        | |  2.1

Action                     |  1- 3 |  4- 6 |  7- 9 || total
---------------------------+-------+-------+-------++-------
  Melee: Whip              |     4 |     1 |       ||     5
         Dagger            |       |     6 |     1 ||     7
   Cast: Magic Dart        |    66 |    71 |   154 ||   291
         Searing Ray       |       |     5 |    16 ||    21
 Invoke: Recall Ancestor   |       |     2 |       ||     2
         Ancestor Identity |       |     2 |       ||     2
         Ancestor Life: Ba |       |     1 |       ||     1
 Armour: Robe              |     8 |    16 |    37 ||    61
  Dodge: Dodged            |     4 |    28 |    21 ||    53

Table legend: (Time is in decaauts)
 A = Elapsed time spent in this place.
 B = Non-inter-level travel time spent in this place.
 C = Inter-level travel time spent in this place.
 D = Time resting spent in this place.
 E = Time spent auto-exploring this place.
 F = Levels seen in this place.
 G = Mean time per level.
                   A        B        C        D        E       F      G
               +--------+--------+--------+--------+--------+-----+--------+
         Total |   7268 |   6847 |    421 |      0 |   6109 |   7 | 1038.3 |
       Dungeon |   7268 |   6847 |    421 |      0 |   6109 |   7 | 1038.3 |
               +--------+--------+--------+--------+--------+-----+--------+

Top non-repeatable levels by time:
     D:1: 1444 daAuts
     D:4: 1435 daAuts
     D:5: 1406 daAuts
     D:2: 1073 daAuts
     D:6: 1022 daAuts
     D:3: 875 daAuts
     D:7: 9 daAuts

Levels and vault maps discovered:
D:1:      shiori_arrival_whats_in_store_for_you, layout_basic,
          chequers_ecumenical_altar_grove
D:2:      layout_rooms, minivault_5, minmay_pentomino_p2, uniq_robin,
          uniq_sigmund
D:3:      layout_loops_ring, dk_vineyard_2, uniq_ijyb
D:4:      layout_loops_cross, nicolae_elyvilon_peaceful_grove,
          mainiacjoe_overflow_tiny_flanked, minmay_increasing_density,
          uniq_eustachio
D:5:      layout_cave_pools, evilmike_ruin_ashenzari,
          mainiacjoe_overflow_concentric_impassable,
          mainiacjoe_overflow_boulevard, serial_co_window_serial,
          co_window_corner_a, co_window_paths_a, co_window_paths_a,
          co_window_corner_a, co_window_paths_b, co_window_of_opportunity_c,
          co_window_2corner, co_window_corner_b, co_window_corner_b,
          co_window_sun, co_window_paths_d, glass_columns_b, glass_columns_c,
          glass_columns_a, glass_columns_a, glass_columns_c
D:6:      layout_gridville, chequers_temple_overflow_minitemple,
          temple_fountains, nicolae_alphabet_shops, serial_bayou_pond_a,
          nrook_uturn, minmay_misc_feat_doors, reono_crystal_passage
D:7:      minmay_the_grid_triangle_9x9_recursive_2
          [minmay_the_grid_triangle_9x9_prize_center,
          minmay_the_grid_triangle_9x9_fully_insulated_deathbox,
          minmay_the_grid_triangle_9x9_minimal,
          minmay_the_grid_triangle_9x9_thin_v], layout_loops_cross,
          amcnicky_altar_gilded, mainiacjoe_overflow_surrounded_room,
          minmay_checkerbox, uniq_maggie, uniq_jeremiah

Table legend: (Time is in decaauts)
 A = Elapsed time spent in this place.
 B = Non-inter-level travel time spent in this place.
 C = Inter-level travel time spent in this place.
 D = Time resting spent in this place.
 E = Time spent auto-exploring this place.
 F = Levels seen in this place.
 G = Mean time per level.
                   A        B        C        D        E       F      G
               +--------+--------+--------+--------+--------+-----+--------+
         Total |   7268 |   6847 |    421 |      0 |   6109 |   7 | 1038.3 |
       Dungeon |   7268 |   6847 |    421 |      0 |   6109 |   7 | 1038.3 |
               +--------+--------+--------+--------+--------+-----+--------+

Top non-repeatable levels by time:
     D:1: 1444 daAuts
     D:4: 1435 daAuts
     D:5: 1406 daAuts
     D:2: 1073 daAuts
     D:6: 1022 daAuts
     D:3: 875 daAuts
     D:7: 9 daAuts

Table legend:
 A = Kills in this place as a percentage of kills in the entire game.
 B = Kills by you in this place as a percentage of kills by you in the entire game.
 C = Kills by friends in this place as a percentage of kills by friends in the entire game.
 D = Other kills in this place as a percentage of other kills in the entire game.
 E = Experience gained in this place as a percentage of experience gained in the entire game.
 F = Experience gained in this place divided by the number of levels of this place that you have seen.
                   A       B       C       D       E      F
               +-------+-------+-------+-------+-------+----------------------
         Total | 100.0 | 100.0 | 100.0 |   N/A | 100.0 | 464.6
       Dungeon | 100.0 | 100.0 | 100.0 |   N/A | 100.0 | 464.6
               +-------+-------+-------+-------+-------+----------------------
